 Dungeon Crawl Stone Soup version 0.17-a0-1882-g750edc8 (webtiles) character file.

3952 Banto the Basher (level 10, -27/110 HPs)
             Began as an Ogre Hunter on Sept 23, 2015.
             Was an Initiate of Ru.
             Annihilated by chimenez's ghost (35 damage)
             ... on level 9 of the Dungeon.
             The game lasted 00:16:28 (8460 turns).

Banto the Basher (Ogre Hunter)                      Turns: 8460, Time: 00:16:28

Health: -27/110    AC:  7    Str: 19      XL:     10   Next: 21%
Magic:  10/10      EV:  8    Int: 11 (12) God:    Ru [......]
Gold:   465        SH:  0    Dex: 15      Spells: 0 memorised, 9 levels left

rFire  . . .     SeeInvis .     y - +0 giant club
rCold  . . .     Clarity  .     d - +1 robe
rNeg   . . .     SustAt   .     (no shield)
rPois  .         Gourm    .     (helmet restricted)
rElec  .         Spirit   .     (no cloak)
rCorr  .         Warding  .     (gloves unavailable)
rMut   .         Stasis   .     (boots unavailable)
MR     +....                    q - amulet of regeneration
Stlth  ++........               p - +3 ring of protection
                                j - +3 ring of evasion

@: somewhat resistant to hostile enchantments, unstealthy
A: unfitting armour, antennae 1, agile 1, clever 1, deterioration 1, slow
healing 1, tough skin 1, evolution 1, MP-powered wands
a: Renounce Religion


You were on level 9 of the Dungeon.
You worshipped Ru.
Ru was noncommittal.
You were very hungry.

You visited 2 branches of the dungeon, and saw 10 of its levels.

You collected 595 gold pieces.
You spent 130 gold pieces at shops.

Inventory:

Hand weapons
 y - a +0 giant club (weapon)
 z - a +0 morningstar
Missiles
 b - a throwing net (quivered)
 k - 12 javelins
 w - 7 tomahawks
Armour
 d - a +1 robe (worn)
Jewellery
 j - a +3 ring of evasion (left hand)
 o - a +6 ring of dexterity
 p - a +3 ring of protection (right hand)
 q - an amulet of regeneration (around neck)
 I - an uncursed ring of flight
Magical devices
 f - a wand of fire (13)
 E - a wand of frost (21)
Scrolls
 c - a scroll of enchant armour
 g - 10 scrolls of remove curse
 s - a scroll of enchant weapon
 u - 2 scrolls of amnesia
 D - 2 scrolls of recharging
 H - a scroll of fog {unknown}
 J - a scroll of blinking
Potions
 h - a potion of cancellation
 i - 2 potions of lignification
 l - 2 potions of haste
 m - 4 potions of heal wounds
 n - 4 potions of curing
 r - 3 potions of might
 x - 2 potions of flight
 B - a potion of invisibility {unknown}
 C - a potion of agility
 F - a potion of degeneration {unknown}
Comestibles
 e - 4 bread rations
 t - a royal jelly
 v - 2 beef jerkies
 A - 10 fruits
 K - a meat ration


   Skills:
 - Level 10.0 Fighting
 * Level 13.4 Maces & Flails
 + Level 8.0 Throwing
 - Level 1.7 Dodging
 - Level 0.7 Stealth


You had 9 spell levels left.
You didn't know any spells.

Dungeon Overview and Level Annotations

Branches:
Dungeon (9/15)             Temple (1/1) D:5
   Lair: D:8-11         Orc: D:9-12

Altars:
Ashenzari
Cheibriados
Dithmenos
Elyvilon
Fedhas
Gozag
Kikubaaqudgha
Makhleb
Nemelex Xobeh
Okawaru
Qazlal
Ru
Sif Muna
Trog
Vehumet
Xom
Yredelemnul
Zin
The Shining One

Shops:
D:7 *}*

Annotations:
D:9 chimenez's ghost, experienced TrFi


Innate Abilities, Weirdness & Mutations

You are too large for most types of armour.
You have tough skin (AC +1).
You have a pair of small antennae on your head.
You are agile. (Dex +2)
Your mind is acute. (Int +2)
Your body sometimes deteriorates upon taking damage.
You heal slowly when monsters are visible.
You evolve.
You expend magic power (3 MP) to strengthen your wands.


Message History

You hear a shout! x2
Throwing (i - inventory. (,) - cycle):
a - a large rock (quivered)
Press: ? - help, Shift-Dir - straight line, f/p - chimenez's ghost
Aim: chimenez's ghost (lightly damaged)
You throw a large rock.
The large rock hits chimenez's ghost but does no damage.
Chimenez's ghost is lightly damaged.
Chimenez's ghost hits you!!
Throwing (i - inventory. (,) - cycle):
b - 2 throwing nets (quivered)
Press: ? - help, Shift-Dir - straight line, f/p - chimenez's ghost
Aim: chimenez's ghost (lightly damaged)
You throw a throwing net. The throwing net hits chimenez's ghost.
The net passes right through chimenez's ghost!
Chimenez's ghost is lightly damaged.
Chimenez's ghost screams, "Don't try to defend!
You have no chance!"
Chimenez's ghost hits you!!
* * * LOW HITPOINT WARNING * * *
Your body deteriorates!
You feel dopey. Chimenez's ghost hits you!!
You die...

##### .... #..O
#.. #.. #.# #.#
#.# .. #@# ...#
#.# #######W######
... ..#
........(.W.[#
..#.>
.######.####.# ...
#.# #.# . #.# #.#
#W#
#.##.###########.#
#.#
#...............(#
#.#
####.#############
#.#


You could see an ogre and chimenez's ghost.

Vanquished Creatures
  Pikel (D:6)
  An ugly thing (D:7)
  Grinder (D:4)
  A hungry ghost (D:9)
  A steam dragon (D:7)
  2 insubstantial wisps (D:7)
  A wasp (D:8)
  5 sky beasts
  An ogre (D:5)
  An orc warrior (D:6)
  2 centaurs
  A giant frog (D:6)
  A big kobold (D:8)
  Blork the orc (D:6)
  A gnoll sergeant (D:7)
  2 scorpions (D:4)
  3 killer bees (D:8)
  2 crimson imps
  A centaur zombie (D:8)
  2 orc priests (D:4)
  A hound (D:8)
  3 giant frog skeletons
  Natasha (D:4)
  2 iguanas
  7 orc wizards
  7 worker ants
  A killer bee zombie (D:8)
  A hound zombie (D:7)
  A hound skeleton (D:5)
  Robin (D:3)
  7 gnolls
  16 adders
  4 oozes
  An adder skeleton (D:8)
  4 worms
  3 giant geckos
  19 orcs
  8 giant cockroaches
  17 goblins
  11 hobgoblins
  21 jackals
  4 quokkas
  3 ball pythons
  4 bats
  A giant cockroach zombie (D:6)
  3 giant newts
  14 kobolds
  11 rats
207 creatures vanquished.

Vanquished Creatures (others)
  A slave (D:7)
  A hound zombie (D:7)
  2 jackals (D:7)
4 creatures vanquished.

Grand Total: 211 creatures vanquished

Notes
Turn   | Place    | Note
--------------------------------------------------------------
     0 | D:1      | Banto the Ogre Hunter began the quest for the Orb.
     0 | D:1      | Reached XP level 1. HP: 22/22 MP: 1/1
   270 | D:1      | Reached XP level 2. HP: 18/31 MP: 2/2
   542 | D:1      | Reached XP level 3. HP: 37/39 MP: 3/3
   820 | D:1      | Reached skill level 5 in Throwing
   820 | D:1      | Reached XP level 4. HP: 46/49 MP: 4/4
  1796 | D:2      | Found a faded altar to an unknown god.
  1804 | D:2      | Reached skill level 5 in Fighting
  1804 | D:2      | Reached XP level 5. HP: 55/57 MP: 5/5
  2292 | D:3      | Noticed Robin
  2359 | D:3      | Killed Robin
  2671 | D:3      | Reached skill level 6 in Throwing
  3279 | D:4      | Noticed Grinder
  3291 | D:4      | Paralysed by Grinder for 4 turns
  3473 | D:4      | Reached XP level 6. HP: 49/68 MP: 6/6
  3626 | D:4      | Reached skill level 1 in Maces & Flails
  4003 | D:4      | Reached skill level 7 in Fighting
  4074 | D:4      | Reached XP level 7. HP: 57/78 MP: 7/7
  4075 | D:4      | Noticed Natasha
  4086 | D:4      | Killed Natasha
  4409 | D:4      | Paralysed by Grinder for 2 turns
  4426 | D:4      | Killed Grinder
  4426 | D:4      | Reached skill level 5 in Maces & Flails
  4487 | D:5      | Entered Level 5 of the Dungeon
  4497 | D:4      | Reached skill level 8 in Fighting
  4751 | D:5      | Found a stormy altar of Qazlal.
  4876 | D:5      | Found a staircase to the Ecumenical Temple.
  4892 | Temple   | Entered the Ecumenical Temple
  5129 | D:5      | Reached XP level 8. HP: 71/88 MP: 8/8
  5769 | D:6      | Noticed Blork the orc
  5782 | D:6      | Killed Blork the orc
  6058 | D:6      | Reached skill level 9 in Maces & Flails
  6082 | D:6      | Found a shattered altar of Ashenzari.
  6422 | D:7      | Found Coosk's General Store.
  6426 | D:7      | Bought a potion of flight for 39 gold pieces
  6426 | D:7      | Bought a scroll of identify for 26 gold pieces
  6426 | D:7      | Bought a potion of heal wounds for 65 gold pieces
  6494 | D:7      | Noticed Pikel
  6512 | D:6      | Killed Pikel
  6512 | D:6      | Reached skill level 10 in Maces & Flails
  6512 | D:6      | Reached XP level 9. HP: 64/101 MP: 9/9
  6654 | D:7      | Found a glowing silver altar of Zin.
  6661 | D:7      | Reached skill level 10 in Fighting
  6677 | D:7      | Found Cumulan's Gadget Shoppe.
  6721 | D:7      | Found Teitosk's General Store.
  6724 | D:7      | Reached skill level 11 in Maces & Flails
  6751 | D:7      | Noticed a brown ugly thing
  6752 | D:7      | Gained mutation: Your magical capacity is low (-10% MP). [potion of mutation]
  6752 | D:7      | Gained mutation: Your body sometimes deteriorates upon taking damage. [potion of mutation]
  6752 | D:7      | Gained mutation: Your mind is acute. (Int +2) [potion of mutation]
  6778 | D:7      | Killed a brown ugly thing
  6809 | D:7      | Gained mutation: Your flesh is heat resistant. [mutagenic meat]
  6810 | D:7      | Gained mutation: You have a pair of small antennae on your head. [mutagenic meat]
  6886 | D:7      | Lost mutation: Your magical capacity is low (-10% MP). [potion of cure mutation]
  6886 | D:7      | Lost mutation: Your body sometimes deteriorates upon taking damage. [potion of cure mutation]
  6886 | D:7      | Lost mutation: Your flesh is heat resistant. [potion of cure mutation]
  6923 | D:7      | Gained mutation: You heal slowly when monsters are visible. [mutagenic meat]
  6924 | D:7      | Gained mutation: You are agile. (Dex +2) [mutagenic meat]
  6925 | D:7      | Gained mutation: You evolve. [mutagenic meat]
  6926 | D:7      | Gained mutation: You expend magic power (3 MP) to strengthen your wands. [mutagenic meat]
  6927 | D:7      | Gained mutation: Your muscles are strong. (Str +2) [mutagenic meat]
  6928 | D:7      | Gained mutation: Armour fits poorly on your strangely shaped body. [mutagenic meat]
  6930 | D:7      | Gained mutation: Your body sometimes deteriorates upon taking damage. [mutagenic meat]
  6950 | D:7      | Reached skill level 12 in Maces & Flails
  7238 | D:7      | Found a sparkling altar of Nemelex Xobeh.
  7461 | D:8      | Reached XP level 10. HP: 51/110 MP: 10/10
  7593 | D:8      | Found a shadowy altar of Dithmenos.
  7636 | D:8      | Reached skill level 13 in Maces & Flails
  7882 | D:8      | Found a deep blue altar of Sif Muna.
  8005 | D:8      | Found a snail-covered altar of Cheibriados.
  8037 | D:8      | Lost mutation: Your muscles are strong. (Str +2) [mutagenic meat]
  8038 | D:8      | Lost mutation: Armour fits poorly on your strangely shaped body. [mutagenic meat]
  8072 | D:8      | Found a sacrificial altar of Ru.
  8094 | D:8      | Became a worshipper of Ru the Awakened
  8400 | D:9      | Noticed chimenez's ghost (experienced TrFi)
  8460 | D:9      | Annihilated by chimenez's ghost

Vault maps used:
D:1:      dpeg_arrival_rhombus
D:2:      ecumenical_altar_1, grunt_decor_one_mirror
D:3:      first_bread, uniq_robin
D:4:      mumra_celtic_spiral_tile, uniq_grinder, uniq_natasha
D:5:      kennysheep_mini, minmay_temple_entry_glassed_door,
          minmay_misc_feat_tower, minmay_misc_feat_nine_boxes,
          dk_noncrumbling_3, hangedman_decor_slide_cut
D:6:      old_standard_altar, uniq_blork_the_orc
D:7:      nemelex_deck, overflow_temple_1_default, serial_shops, shop,
          shop_statue, shop, hangedman_misty_isle, uniq_pikel
D:8:      grunt_dithmenos_smoke, cheibriados_altar_1,
          nicolae_ru_sacrificial_ziggurat, kennysheep_little_box
D:9:      uniq_maurice, uniq_psyche, uniq_erica
Temple:   triangle_lava_temple_11

Action                   |  1- 3 |  4- 6 |  7- 9 | 10-12 || total
-------------------------+-------+-------+-------+-------++-------
Melee: Short sword       |    59 |   351 |       |       ||   410
       Morningstar       |       |    34 |   152 |    91 ||   277
       Giant club        |       |       |   111 |     6 ||   117
Throw: Stone             |     6 |       |       |       ||     6
       Large rock        |     5 |       |       |     4 ||     9
       Javelin           |       |    30 |     6 |       ||    36
       Throwing net      |       |       |       |     1 ||     1
  Use: Scroll            |     2 |     5 |    11 |       ||    18
       Potion            |       |       |     4 |       ||     4
 Stab: Sleeping          |       |     8 |     1 |     1 ||    10
       Distracted        |       |       |       |     1 ||     1
  Eat: Chunk             |       |    12 |    24 |     8 ||    44
